 Dungeon Crawl Stone Soup version 0.21.0-24-g2553a33 (webtiles) character file.

13712 emikaela the Cleaver (level 11, -11/82 HPs)
             Began as a Deep Dwarf Chaos Knight on Jan 20, 2018.
             Was a Priest of Makhleb.
             Killed from afar by a rime drake (27 damage)
             ... with a flash freeze
             ... on level 3 of the Lair of Beasts.
             The game lasted 00:19:55 (9925 turns).

emikaela the Cleaver (Deep Dwarf Chaos Knight)      Turns: 9925, Time: 00:19:56

Health: -11/82     AC: 17    Str: 21    XL:     11   Next: 79%
Magic:  7/8        EV:  9    Int: 13    God:    Makhleb [***...]
Gold:   342        SH: 12    Dex: 17    Spells: 10/10 levels left

rFire    . . .     SeeInvis .   m - +2 war axe
rCold    . . .     Gourm    .   q - +0 shield
rNeg     . . .     Faith    .   o - +4 scale mail
rPois    .         Spirit   .   t - +0 helmet "Orynen" {Str+4}
rElec    .         Reflect  .   (no cloak)
rCorr    .         Harm     .   w - +0 pair of gloves
MR       +....                  n - +0 pair of boots
Stlth    +.........             (no amulet)
HPRegen  0.00/turn              b - +3 ring of dexterity
MPRegen  0.11/turn              v - ring of stealth

@: non-regenerating
A: damage resistance, heal wounds, slimy green scales 1, frail 2, sense
surroundings 2, no regeneration
a: Heal Wounds, Minor Destruction, Lesser Servant of Makhleb, Renounce Religion


You were on level 3 of the Lair of Beasts.
You worshipped Makhleb.
Makhleb was most pleased with you.
You were not hungry.

You visited 3 branches of the dungeon, and saw 13 of its levels.

You collected 570 gold pieces.
You spent 228 gold pieces at shops.

Inventory:

Hand Weapons
 m - a +2 war axe (weapon)
Missiles
 f - 165 arrows
 j - 53 bolts
 s - 189 stones (quivered)
 y - 36 poisoned needles
 S - 39 sling bullets
Armour
 n - a +0 pair of boots (worn)
 o - a +4 scale mail (worn)
 q - a +0 shield (worn)
 t - the +0 helmet "Orynen" (worn) {Str+4}
   (You bought it in a shop on level 7 of the Dungeon)

   It affects your strength (+4).
 w - a +0 pair of gloves (worn)
 N - the +5 ring mail "Bimedol" {rPois Regen+ Int+3 Stlth-, unknown}
   (You found it on level 2 of the Lair of Beasts)

   It affects your intelligence (+3).
   It protects you from poison.
   It increases your rate of regeneration.
   It makes you less stealthy.
Jewellery
 b - a +3 ring of dexterity (left hand)
 v - a ring of stealth (right hand)
 H - an uncursed ring of flight {unknown}
 I - an uncursed ring of protection from cold {unknown}
 J - an uncursed ring of ice
 M - an uncursed ring of fire
 O - an uncursed ring of wizardry {unknown}
Wands
 A - a wand of acid (7)
 B - a wand of iceblast (10)
 E - a wand of enslavement (20)
 F - a wand of flame (31)
 Y - a wand of polymorph (19)
Scrolls
 a - a scroll of vulnerability {unknown}
 c - 2 scrolls of remove curse
 p - a scroll of brand weapon {unknown}
 u - a scroll of fear {unknown}
 x - 2 scrolls of enchant armour {unknown}
 T - 2 scrolls of teleportation
Potions
 d - 5 potions of curing
 e - 2 potions of heal wounds
 g - 6 potions of mutation {!q}
 h - 4 potions of ambrosia {unknown}
 i - 2 potions of invisibility
 k - a potion of cancellation
 l - a potion of brilliance
 z - a potion of lignification {!q}
 C - a potion of agility
 D - a potion of haste
 L - a potion of berserk rage {!q}
Books
 G - a book of Debilitation
 P - a book of Unlife
Miscellaneous
 K - a box of beasts
Comestibles
 r - 16 rations


   Skills:
 + Level 7.8 Fighting
 * Level 12.5 Axes
 + Level 7.0 Armour
 - Level 1.1 Dodging
 * Level 10.5 Shields
 + Level 8.0 Invocations
 + Level 3.4 Evocations


You had 10 spell levels left.
You didn't know any spells.

Dungeon Overview and Level Annotations

Branches:
Dungeon (9/15)             Temple (1/1) D:4            Lair (3/6) D:9
  Swamp (0/4) Lair:2
  Snake: Lair:2-4    Spider: Lair:2-4       Orc: D:9-12

Altars:
Ashenzari
Cheibriados
Dithmenos
Elyvilon
Fedhas
Gozag
Hepliaklqana
Kikubaaqudgha
Makhleb
Nemelex Xobeh
Okawaru
Qazlal
Ru
Sif Muna
Trog
Uskayaw
Vehumet
Wu Jian
Xom
Yredelemnul
Zin
The Shining One

Shops:
D:7 [   D:9 (

Annotations:
D:8 Gastronok
Lair:3 Harold


Innate Abilities, Weirdness & Mutations

You are resistant to damage.
You can heal yourself by infusing magical energy.
You passively map the area around you.
You do not regenerate.
You are partially covered in slimy green scales. (AC +2)
You are very frail. (-20% HP)


Message History

The steam dragon is almost dead.
You barely miss the steam dragon. You barely miss the rime drake.
The rime drake bites your orange demon. The steam dragon breathes steam at you.
The ball of steam hits you!
Your orange demon closely misses the rime drake. x2
The steam dragon breathes steam at you. The ball of steam misses you.
The rime drake barely misses you.
Unknown command.
You closely miss the steam dragon.
The steam dragon is almost dead.
You hit the rime drake but do no damage.
You closely miss the steam dragon.
You are engulfed in a cloud of scalding steam.
* * * LOW HITPOINT WARNING * * *
The ice encasing you melts away.
The rime drake barely misses your orange demon.
The rime drake breathes ice at you. The flash freeze hits you!
You die...

### ### ########
##############4###.####.##...###
##............kD@§§.†............
#..#D##.###....kDD...............
##..##### ##...k.##....##....>#..
##.## ,,* ##.(..@#....P##........
#..#* ,, #......#.....#......##.
##.# * ##....D.......#.....#P.
#.......# #...D.......#......##.
#.#.#...# #.....P#....##.....##.
#.### ## #.§....... , #........


You could see Harold, 3 rime drakes, 5 steam dragons and a friendly orange
demon.

Vanquished Creatures
  2 hydras
  A death yak (Lair:2)
  3 two-headed ogres
  An ugly thing (Lair:1)
  A rime drake (Lair:3)
  2 komodo dragons
  A polar bear (Lair:2)
  A troll (D:9)
  A hippogriff (Lair:1)
  A wraith (D:8)
  6 yaks (D:5)
  A hungry ghost (D:9)
  4 water moccasins
  3 porcupines (Lair:3)
  2 sky beasts (D:8)
  A hornet zombie (D:9)
  2 phantoms
  A necrophage (D:8)
  3 ice beasts
  A black bear (Lair:1)
  20 wolves
  3 ogres
  A centaur (D:9)
  7 crocodiles
  2 big kobolds
  8 bullfrogs
  2 wyvern skeletons (D:9)
  A scorpion (D:5)
  3 killer bees (D:9)
  3 wights (D:8)
  A jelly (D:7)
  4 crimson imps
  3 hounds
  2 centaur skeletons (D:4)
  3 orc priests
  5 orc wizards
  An iguana (D:5)
  5 worker ants
  A worker ant zombie (D:5)
  4 gnolls
  14 adders
  A howler monkey skeleton (D:4)
  A shadow imp (D:7)
  An adder zombie (D:5)
  An adder skeleton (D:5)
  2 worms
  A dart slug (D:1)
  5 leopard geckos
  33 orcs
  A ball python (D:6)
  8 bats
  5 giant cockroaches
  10 goblins
  4 hobgoblins
  12 jackals
  3 quokkas
  3 frilled lizards
  8 kobolds
  2 leopard gecko zombies
  A quokka skeleton (D:5)
  4 quokka zombies
  5 rats
242 creatures vanquished.

Vanquished Creatures (collateral kills)
  A torpor snail (Lair:2)
  A spiny frog (Lair:1)
  3 rime drakes (Lair:3)
  2 hippogriffs
  A steam dragon (Lair:3)
  3 water moccasins
  A wolf (Lair:1)
  A fungus (Lair:3)
13 creatures vanquished.

Vanquished Creatures (others)
  A worker ant (D:4)
  A fungus (Lair:2)
  A plant (D:9)
3 creatures vanquished.

Grand Total: 258 creatures vanquished

Notes
Turn   | Place    | Note
-------+----------+-------------------------------------------
     0 | D:1      | emikaela the Deep Dwarf Chaos Knight began the quest for the Orb.
     0 | D:1      | Reached XP level 1. HP: 20/20 MP: 1/1
    78 | D:1      | Reached XP level 2. HP: 23/28 MP: 2/2
   140 | D:1      | XOM: divination: magic mapping
   145 | D:1      | Reached skill level 4 in Axes
   356 | D:1      | Reached XP level 3. HP: 22/34 MP: 3/3
   672 | D:1      | XOM: harmless Ice miscast
   986 | D:2      | Reached XP level 4. HP: 26/42 MP: 4/4
  1019 | D:2      | Reached skill level 5 in Axes
  1027 | D:2      | Found a blossoming altar of Fedhas.
  1088 | D:2      | XOM: confusion (+ monsters)
  1526 | D:3      | Found a faded altar of an unknown god.
  1734 | D:3      | Found a sacrificial altar of Ru.
  1936 | D:4      | Reached XP level 5. HP: 46/49 MP: 4/4
  1945 | D:4      | Found a staircase to the Ecumenical Temple.
  1962 | Temple   | Entered the Ecumenical Temple
  2142 | D:4      | XOM: divine lightning
  2159 | D:4      | Reached skill level 1 in Shields
  2191 | D:4      | Found a glowing silver altar of Zin.
  2223 | D:4      | Found a burning altar of Makhleb.
  2279 | D:4      | Fell from the grace of Xom
  2279 | D:4      | Became a worshipper of Makhleb the Destroyer
  2515 | D:4      | Reached skill level 6 in Axes
  2627 | D:4      | XOM: 2-stop teleportation journey
  2814 | D:4      | XOM: medium Pois miscast
  2968 | D:5      | Entered Level 5 of the Dungeon
  3011 | D:5      | Reached XP level 6. HP: 54/57 MP: 4/4
  3231 | D:5      | Noticed a yak
  3233 | D:5      | Noticed a yak
  3246 | D:5      | Noticed a yak
  3248 | D:5      | Noticed a yak
  3249 | D:5      | Noticed a yak
  3250 | D:5      | Noticed a yak
  3268 | D:5      | Killed a yak
  3271 | D:5      | Killed a yak
  3271 | D:5      | Reached skill level 7 in Axes
  3271 | D:5      | Reached XP level 7. HP: 29/66 MP: 5/5
  3278 | D:5      | Killed a yak
  3287 | D:5      | Killed a yak
  3287 | D:5      | Reached skill level 5 in Fighting
  3287 | D:5      | Reached skill level 8 in Axes
  3301 | D:5      | Killed a yak
  3301 | D:5      | Reached XP level 8. HP: 50/74 MP: 5/5
  3361 | D:5      | XOM: noise
  3681 | D:5      | Reached skill level 1 in Invocations
  4194 | D:5      | XOM: severe Hex miscast
  4269 | D:5      | Reached * piety under Makhleb
  4304 | D:5      | Reached skill level 9 in Axes
  4304 | D:5      | Reached skill level 5 in Shields
  4423 | D:6      | Found a basalt altar of Yredelemnul.
  4655 | D:6      | Found a glowing golden altar of the Shining One.
  5326 | D:7      | Found Inkoig's Antique Armour Shop.
  5331 | D:7      | Bought an encrusted helmet for 228 gold pieces
  5336 | D:7      | Identified the +0 helmet "Orynen" {Str+4} (You bought it in a shop on level 7 of the Dungeon)
  5369 | D:7      | XOM: noise
  5552 | D:7      | Gained mutation: You passively map the area around you. [Deep Dwarf growth]
  5552 | D:7      | Reached XP level 9. HP: 82/82 MP: 4/6
  5913 | D:7      | Reached ** piety under Makhleb
  6041 | D:7      | Found a bloodstained altar of Trog.
  6454 | D:7      | XOM: mild Tloc miscast
  6763 | D:8      | Reached skill level 10 in Axes
  6788 | D:8      | XOM: give mutations
  6788 | D:8      | Gained mutation: You are frail. (-10% HP) [Xom's mischief]
  6788 | D:8      | Gained mutation: You are very frail. (-20% HP) [Xom's mischief]
  6788 | D:8      | Gained mutation: You are partially covered in slimy green scales. (AC +2) [Xom's mischief]
  6959 | D:8      | Found a hazy altar of Hepliaklqana.
  6966 | D:8      | Noticed a two-headed ogre
  6985 | D:8      | Killed a two-headed ogre
  7031 | D:8      | Noticed Gastronok
  7121 | D:9      | Found Pishu's Weapon Boutique.
  7162 | D:9      | Reached XP level 10. HP: 57/73 MP: 7/7
  7184 | D:9      | Reached skill level 5 in Invocations
  7236 | D:9      | Found an iron altar of Okawaru.
  7341 | D:9      | Reached skill level 5 in Armour
  7352 | D:9      | Noticed a two-headed ogre
  7384 | D:9      | Killed a two-headed ogre
  7526 | D:9      | Noticed a two-headed ogre
  7536 | D:9      | Killed a two-headed ogre
  7536 | D:9      | Reached skill level 11 in Axes
  7603 | D:9      | Reached *** piety under Makhleb
  7664 | D:9      | Found a staircase to the Lair.
  7755 | D:9      | Noticed a green ugly thing
  7756 | D:9      | Noticed a skeletal warrior
  7814 | Lair:1   | Entered Level 1 of the Lair of Beasts
  7816 | Lair:1   | Killed a green ugly thing
  7823 | Lair:1   | XOM: medium Chrm miscast
  7899 | Lair:1   | Noticed an eight-headed hydra
  7919 | Lair:1   | Killed an eight-headed hydra
  7931 | Lair:1   | XOM: medium Necr miscast
  7940 | Lair:1   | Reached XP level 11. HP: 56/80 MP: 9/9
  8175 | Lair:1   | Reached skill level 1 in Evocations
  8418 | Lair:1   | You fall through a shaft!
  8460 | Lair:2   | Reached skill level 12 in Axes
  8500 | Lair:2   | Found a staircase to the Swamp.
  8536 | Lair:2   | Reached **** piety under Makhleb
  8575 | Lair:2   | Got a pitted ring mail
  8958 | Lair:2   | Noticed a death yak
  8968 | Lair:2   | Killed a death yak
  8968 | Lair:2   | Reached skill level 10 in Shields
  9076 | Lair:2   | XOM: medium Necr miscast
  9589 | Lair:2   | XOM: divination: detect items
  9599 | Lair:3   | Noticed an eight-headed hydra
  9609 | Lair:3   | Killed an eight-headed hydra
  9920 | Lair:3   | Noticed Harold
  9925 | Lair:3   | Killed from afar by a rime drake

Skill      XL: |  1  2  3  4  5  6  7  8  9 10 11 |
---------------+----------------------------------+-----
Fighting       | 3 4 5 6 7 |  7.8
Axes           | 4 5 6 7 8 9 10 11 12 | 12.5
Shields        | 1 3 4 5 7 9 10 | 10.5
Invocations    | 2 4 6 8 |  8.0
Armour         | 3 4 6 7 |  7.0
Evocations     | 3 |  3.4
Dodging        | |  1.1

Action                   |  1- 3 |  4- 6 |  7- 9 | 10-12 || total
-------------------------+-------+-------+-------+-------++-------
Melee: Hand axe          |    88 |    81 |       |       ||   169
       War axe           |       |   113 |   418 |   360 ||   891
Throw: Stone             |    82 |   126 |   211 |   110 ||   529
Invok: Minor Destruction |       |       |     8 |    46 ||    54
       Lesser Servant of |       |       |       |     7 ||     7
 Abil: Heal Wounds       |       |     3 |     9 |    15 ||    27
  Use: Scroll            |     1 |     4 |     2 |     8 ||    15
 Stab: Confused          |       |     1 |       |       ||     1
       Distracted        |       |       |       |     1 ||     1
  Eat: Chunk             |       |     7 |     7 |     7 ||    21
       Ration            |       |       |     3 |     1 ||     4
Armor: Leather armour    |    28 |    17 |       |       ||    45
       Scale mail        |       |    55 |   149 |   234 ||   438
Dodge: Dodged            |    45 |    77 |   102 |   199 ||   423
Block: Shield            |       |    47 |   156 |   264 ||   467
